 Dungeon Sprint DCSS version 0.27.1-1-g398f81649c (webtiles) character file.

Game seed: 12216345554569983780

2024 styxcanada the Unseen (level 9, -4/47 HPs)
             Began as a Spriggan Brigand on Sept 15, 2021.
             Was an Initiate of Gozag.
             Killed from afar by a burning bush (8 damage)
             ... with a puff of flame
             ... in the Dungeon (Sprint IV: "Fedhas' Mad Dash").
             The game lasted 00:07:26 (951 turns).

styxcanada the Unseen (Spriggan Brigand)             Turns: 951, Time: 00:07:27

Health: -4/47      AC:  3    Str:  7    XL:     9   Next: 3%
Magic:  15/15      EV: 23    Int: 13    God:    Gozag
Gold:   601        SH:  7    Dex: 19    Spells: 8/14 levels left

rFire    . . .     SeeInvis +   a - +2 dagger
rCold    . . .     Faith    .   n - +0 buckler
rNeg     . . .     Spirit   .   b - +0 robe
rPois    .         Reflect  .   (helmet restricted)
rElec    .         Harm     .   c - +0 cloak
rCorr    .         Rampage  .   (gloves unavailable)
Will     +....     NoTele   +   (boots unavailable)
Stlth    ++++++++..             m - amulet of invisibility {+Inv}
HPRegen  0.15/turn              (no ring)
MPRegen  0.14/turn              (no ring)

@: very slightly contaminated, invisible, very quick
A: very small, no large weapons, unfitting armour, see invisible, speed 3
a: Renounce Religion, Evoke Invisibility, Potion Petition, Call Merchant, Bribe
Branch


You were in the Dungeon.
You worshipped Gozag.
Gozag was pleased with you.
You visited 1 branch You collected 1234 gold pieces.
You spent 633 gold pieces at shops.

Inventory:

Hand Weapons
 a - a +2 dagger (weapon)
Missiles
 d - 15 poisoned darts
 e - 5 curare-tipped darts (quivered)
 l - 16 sling bullets
Armour
 b - a +0 robe (worn)
 c - a +0 cloak (worn)
 n - a +0 buckler (worn)
Jewellery
 m - the amulet of invisibility (around neck) {+Inv}
   (You found it in the Dungeon)

   [amulet of nothing]

   +Inv:      It lets you turn invisible.
 p - the ring of the Heron {rC+ Will+++ rCorr Str-2 Dex-5}
   (You found it in the Dungeon)

   [ring of resist corrosion]

   Str:       It affects your strength (-2).
   Dex:       It affects your dexterity (-5).
   rC:        It protects you from cold.
   rCorr:     It protects you from acid and corrosion.
   Will:      It greatly increases your willpower.
Scrolls
 k - a scroll of blinking
 o - 3 scrolls of identify
Potions
 f - 2 potions of curing
 g - 2 potions of heal wounds
 h - a potion of haste
 i - 2 potions of magic
Miscellaneous
 q - a phial of floods


   Skills:
 * Level 5.6 Fighting
 + Level 4.6 Short Blades
 + Level 5.1 Throwing
 * Level 8.6 Dodging
 * Level 20.8 Stealth
 * Level 3.7 Shields
 * Level 3.4 Spellcasting
 * Level 3.3 Hexes
 * Level 7.8 Evocations


You had 8 spell levels left.
You knew the following spells:

 Your Spells              Type           Power      Damage    Failure   Level
a - Slow                  Hex            10%        N/A       11%         2
b - Confusing Touch       Hex            10%        N/A       22%         3
c - Corona                Hex            11%        N/A       7%          1

Your spell library contained the following spells:

 Spells                   Type           Power      Damage    Failure   Level
 Ensorcelled Hibernation  Hex/Ice        12%        N/A       22%         2
 Tukima's Dance           Hex            10%        N/A       22%         3
 Yara's Violent Unravell  Hex/Tmut       3%         3d4       98%         5


Dungeon Overview and Level Annotations

Branches:
Dungeon (1/1)

Altars:
Cheibriados
Dithmenos
Elyvilon
Gozag
Hepliaklqana
Kikubaaqudgha
Makhleb
Nemelex Xobeh
Okawaru
Qazlal
Ru
Sif Muna
Trog
Uskayaw
Vehumet
Wu Jian
Xom
Yredelemnul
Zin
The Shining One
Beogh
Jiyva
Lugonu

Shops:
D *(::

Annotations:
D exclusions: oklob plant and oklob sapling


Innate Abilities, Weirdness & Mutations

You are very small and have problems with some larger weapons.
You are too small for most types of armour.
You have supernaturally acute eyesight. (SInv)
You cover ground extremely quickly. (Speed+++)


Message History

There is an open door here.
You hit the burning bush but do no damage.
You hit the burning bush but do no damage.
You hit the burning bush.
The burning bush is lightly damaged.
You hit the burning bush.
The burning bush is moderately damaged.
You hit the burning bush but do no damage.
The burning bush is moderately damaged.
You hit the burning bush but do no damage.
The burning bush is moderately damaged.
You completely miss the burning bush.
The burning bush is moderately damaged.
The burning bush throws fire at you. The puff of flame hits you!
You hit the burning bush but do no damage.
The burning bush is moderately damaged.
The burning bush throws fire at you. The puff of flame hits you!
You hit the burning bush but do no damage.
The burning bush is lightly damaged.
You hit the burning bush.
The burning bush is moderately damaged.
You hit the burning bush but do no damage.
The burning bush is moderately damaged.
You hit the burning bush.
The burning bush is moderately damaged.
The burning bush throws fire at you. The puff of flame hits you!
You hit the burning bush but do no damage.
The burning bush is moderately damaged.
The burning bush throws fire at you. The puff of flame hits you!
* * * LOW HITPOINT WARNING * * *
You hit the burning bush.
The burning bush is moderately damaged.
The burning bush throws fire at you. The puff of flame hits you!
You die...
Your body crumbles into a pile of gold.

#<..P#.....#.....#.⌠._._.
#P...'.....'.#)..'.._._._
#PPP.#.....#.#...#..._._.
###############'##.._._._
#...♣........'...#._._._.
#......♣.!...#...########
#.....♣..♣..######
##'####'######P|
#..#....@......f
#..#..###P...P.. $ $
####### #######


You could see an oklob plant (dormant), a wandering mushroom (dormant), a
burning bush and an oklob sapling (dormant).

Vanquished Creatures
  An oklob plant (D)
  A queen bee (D)
  2 burning bushes (D)
  2 wandering mushrooms (D)
  3 scorpions (D)
  4 killer bees (D)
  4 oklob saplings (D)
  2 spriggans (D)
  A river rat (D)
  A rat (D)
21 creatures vanquished.

Vanquished Creatures (others)
  2 fungi (D)
2 creatures vanquished.

Grand Total: 23 creatures vanquished

Notes
Turn   | Place    | Note
-------+----------+-------------------------------------------
     0 | D        | styxcanada the Spriggan Brigand began the quest for the
                  | Orb.
     0 | D        | Reached XP level 1. HP: 10/10 MP: 2/2
    24 | D        | Reached skill level 7 in Stealth
    24 | D        | Reached XP level 2. HP: 15/15 MP: 3/3
   150 | D        | Noticed an oklob sapling
   152 | D        | Killed an oklob sapling
   153 | D        | Reached skill level 9 in Stealth
   153 | D        | Reached XP level 3. HP: 18/18 MP: 4/4
   154 | D        | Noticed a scorpion
   154 | D        | Found the amulet of invisibility {+Inv}
   156 | D        | Killed a scorpion
   157 | D        | Reached skill level 12 in Stealth
   157 | D        | Reached XP level 4. HP: 23/23 MP: 5/5
   180 | D        | Found an opulent altar of Gozag.
   180 | D        | Found a hazy altar of Hepliaklqana.
   180 | D        | Found a burning altar of Makhleb.
   180 | D        | Found a sparkling altar of Nemelex Xobeh.
   180 | D        | Found a snail-covered altar of Cheibriados.
   180 | D        | Found a sacrificial altar of Ru.
   180 | D        | Found a shimmering blue altar of Sif Muna.
   180 | D        | Found a shimmering altar of Xom.
   180 | D        | Found a basalt altar of Yredelemnul.
   181 | D        | Found a viscous altar of Jiyva.
   181 | D        | Found a bloodstained altar of Trog.
   181 | D        | Found an ornate altar of the Wu Jian Council.
   182 | D        | Found an iron altar of Okawaru.
   182 | D        | Found a shadowy altar of Dithmenos.
   182 | D        | Found a glowing silver altar of Zin.
   183 | D        | Found an ancient bone altar of Kikubaaqudgha.
   183 | D        | Found a hide-covered altar of Uskayaw.
   184 | D        | Found a stormy altar of Qazlal.
   184 | D        | Found a white marble altar of Elyvilon.
   184 | D        | Found a glowing golden altar of the Shining One.
   185 | D        | Became a worshipper of Gozag Ym Sagoz the Greedy
   186 | D        | Found a corrupted altar of Lugonu.
   186 | D        | Found a radiant altar of Vehumet.
   190 | D        | Reached skill level 13 in Stealth
   190 | D        | Reached XP level 5. HP: 28/28 MP: 3/6
   202 | D        | Reached skill level 5 in Dodging
   202 | D        | Reached skill level 14 in Stealth
   239 | D        | Reached skill level 15 in Stealth
   239 | D        | Reached skill level 1 in Evocations
   241 | D        | Reached XP level 6. HP: 33/33 MP: 4/7
   269 | D        | Found Yse Sushi's Weapon Shop.
   269 | D        | Found Voonum's General Store.
   275 | D        | Bought 2 scrolls of identify for 56 gold pieces
   275 | D        | Bought 7 poisoned darts for 39 gold pieces
   276 | D        | Bought 3 curare-tipped darts for 18 gold pieces
   300 | D        | Noticed a burning bush
   300 | D        | Noticed a wandering mushroom
   301 | D        | Noticed a wandering mushroom
   305 | D        | Killed a wandering mushroom
   306 | D        | Reached skill level 17 in Stealth
   306 | D        | Reached skill level 1 in Shields
   307 | D        | Killed a wandering mushroom
   308 | D        | Reached skill level 18 in Stealth
   308 | D        | Reached XP level 7. HP: 38/38 MP: 5/8
   445 | D        | Killed a burning bush
   446 | D        | Reached skill level 19 in Stealth
   446 | D        | Reached skill level 5 in Evocations
   492 | D        | Found Mewila's Book Emporium.
   493 | D        | Found Qeacw's Book Shoppe.
   496 | D        | Identified the ring of the Heron {rC+ Will+++ rCorr Str-2
                  | Dex-5}
   499 | D        | Bought a book of Misfortune for 286 gold pieces
   502 | D        | Learned a level 2 spell: Slow
   506 | D        | Learned a level 3 spell: Confusing Touch
   508 | D        | Bought a book of Maledictions for 234 gold pieces
   510 | D        | Learned a level 1 spell: Corona
   547 | D        | Reached skill level 5 in Fighting
   547 | D        | Reached XP level 8. HP: 43/43 MP: 6/9
   553 | D        | Noticed a queen bee
   560 | D        | Killed a queen bee
   561 | D        | Reached skill level 5 in Throwing
   561 | D        | Reached skill level 1 in Spellcasting
   561 | D        | Reached skill level 1 in Hexes
   621 | D        | Noticed an oklob plant
   624 | D        | Killed an oklob plant
   625 | D        | Reached skill level 20 in Stealth
   638 | D        | Noticed a burning bush
   641 | D        | Killed a burning bush
   642 | D        | Reached XP level 9. HP: 47/47 MP: 12/15
   706 | D        | Noticed a burning bush
   706 | D        | Noticed an oklob plant
   707 | D        | Noticed a wandering mushroom
   951 | D        | Killed from afar by a burning bush

Illustrated notes

Levels and vault maps discovered:
D:        dungeon_sprint_fedhas [sprint_temple]

Skill      XL: |  1  2  3  4  5  6  7  8 |
---------------+-------------------------+-----
Dodging        | 2 3 4 5 7 8 |  8.6
Stealth        | 7 9 12 13 15 18 19 20 | 20.8
Fighting       | 2 3 4 5 |  5.6
Throwing       | 3 4 5 |  5.1
Short Blades   | 3 4 |  4.6
Evocations     | 1 4 5 7 |  7.8
Shields        | 2 3 |  3.7
Spellcasting   | 3 |  3.4
Hexes          | 3 |  3.3

Action                   |  1- 3 |  4- 6 |  7- 9 || total
-------------------------+-------+-------+-------++-------
Melee: Dagger            |     7 |     9 |    58 ||    74
Throw: Dart              |     9 |       |     2 ||    11
 Cast: Corona            |       |       |     1 ||     1
 Abil: Evoke Invisibilit |       |     3 |     5 ||     8
  Use: Scroll            |       |     1 |     1 ||     2
       Potion            |       |       |     1 ||     1
 Stab: Sleeping          |     2 |     7 |     8 ||    17
       Invisible         |       |       |     1 ||     1
Armor: Robe              |     4 |       |       ||     4
Dodge: Dodged            |     8 |     1 |    10 ||    19
Block: Buckler           |       |       |     1 ||     1
